 Dungeon Crawl Stone Soup version 0.26.1-2-gb8aa6d0cf2 (webtiles) character file.

Game seed: 1011642728236487752

11 Alarak the Covert (level 2, -3/29 HPs)
             Began as a Gnoll Delver on Mar 20, 2021.
             Killed from afar by a white imp (6 damage)
             ... with a puff of frost
             ... on level 5 of the Dungeon.
             The game lasted 00:01:15 (221 turns).

Alarak the Covert (Gnoll Delver)                     Turns: 221, Time: 00:01:16

Health: -3/29      AC:  7    Str: 14    XL:     2   Next: 25%
Magic:  2/2        EV: 13    Int: 12    God:
Gold:   28         SH:  0    Dex: 16    Spells: 1/1 levels left

rFire    + . .     SeeInvis .   l - +1 trident (flame)
rCold    . . .     Faith    .   (no shield)
rNeg     . . .     Spirit   .   k - +2 ring mail {rF+}
rPois    .         Reflect  .   (no helmet)
rElec    .         Harm     .   (no cloak)
rCorr    .         Rampage  .   (no gloves)
Will     .....                  (no boots)
Stlth    ++++......             h - amulet of the acrobat
HPRegen  0.09/turn              (no ring)
MPRegen  0.08/turn              (no ring)

@: no status effects
A: distributed training, fangs 1, strong nose
a: no special abilities


You were on level 5 of the Dungeon.
You visited 1 branch of the dungeon, and saw 1 of its levels.

You collected 28 gold pieces.

Inventory:

Hand Weapons
 l - a +1 trident of flaming (weapon)
Armour
 b - a +0 leather armour
 k - a +2 ring mail of fire resistance (worn)
Jewellery
 h - an amulet of the acrobat (around neck)
 j - an uncursed ring of fire {unknown}
Wands
 g - a wand of digging (3)
Scrolls
 c - a scroll of fog
 d - a scroll of magic mapping
 e - a scroll of fear
 i - a scroll of identify {unknown}
Potions
 a - a potion of curing {unknown}
 f - a potion of haste
 m - a potion of degeneration {unknown}


   Skills:
 + Level 6.4 Fighting
 + Level 0.3 Short Blades
 + Level 0.3 Long Blades
 + Level 0.3 Axes
 + Level 0.3 Maces & Flails
 + Level 4.4 Polearms
 + Level 0.3 Staves
 + Level 0.3 Slings
 + Level 0.3 Bows
 + Level 0.3 Crossbows
 + Level 0.3 Throwing
 + Level 0.3 Armour
 + Level 4.4 Dodging
 + Level 9.5 Stealth
 + Level 0.3 Shields
 + Level 0.3 Unarmed Combat
 + Level 0.3 Spellcasting
 + Level 0.2 Conjurations
 + Level 0.2 Hexes
 + Level 0.2 Summonings
 + Level 0.2 Necromancy
 + Level 0.2 Translocations
 + Level 0.2 Transmutations
 + Level 0.2 Fire Magic
 + Level 0.2 Ice Magic
 + Level 0.2 Air Magic
 + Level 0.2 Earth Magic
 + Level 0.2 Poison Magic
 + Level 0.4 Invocations
 + Level 0.3 Evocations


You had one spell level left.
You didn't know any spells.
Your spell library was empty.

Dungeon Overview and Level Annotations

Branches:
Dungeon (5/15)
 Temple: D:4-7

Altars:


Innate Abilities, Weirdness & Mutations

Your experience applies equally to all skills.
You have very sharp teeth.
Your uncanny sense of smell can sniff out nearby items.


Message History

The white imp is almost dead.
The white imp gestures at you. The puff of frost hits you!
Something hits you but does no damage.
You closely miss the white imp. Your bite misses the white imp.
The white imp is almost dead.
The white imp gestures at you. The puff of frost misses you.
Something hits you. Something shocks you. The white imp gestures at you.
The puff of frost hits you!
* * * LOW HITPOINT WARNING * * *
You are too injured to fight recklessly!
You hit the white imp but do no damage. Your bite misses the white imp.
The white imp is almost dead.
The white imp barely misses you.
A sky beast appears from thin air!
Reactivating autopickup.
You hit the white imp but do no damage.
The white imp is almost dead.
The white imp gestures at you. The puff of frost hits you.
You die...

###..#
#......## #
##..##
##.#.#.#### #
##(##
#..#......# #
...#
#.##..###.....#
.### #.##.##
###.. .#
###.##.# ##
#...##.#
#.####.# #@#
#5#
#....l5Y...$..
#...........[.
#.............
#.............
#.........?...
#.........(...
#)$...........


You could see a sky beast, an iguana and 2 white imps.

Vanquished Creatures
  An adder (D:5)
  An orc (D:5)
2 creatures vanquished.

Notes
Turn   | Place    | Note
-------+----------+-------------------------------------------
     0 | D:5      | Reached skill level 9 in Stealth
     0 | D:5      | Alarak the Gnoll Delver began the quest for the Orb.
     0 | D:5      | Reached XP level 1. HP: 23/23 MP: 1/1
   157 | D:5      | Reached XP level 2. HP: 29/29 MP: 2/2
   214 | D:5      | Noticed a sky beast
   221 | D:5      | Killed from afar by a white imp

Illustrated notes

Levels and vault maps discovered:
D:5:      layout_rooms, grunt_ministairs_6

Skill      XL: | |
---------------+-+-----
Stealth        | |  9.5
Fighting       | |  6.4
Short Blades   | |  0.3
Long Blades    | |  0.3
Axes           | |  0.3
Maces & Flails | |  0.3
Polearms       | |  4.4
Staves         | |  0.3
Slings         | |  0.3
Bows           | |  0.3
Crossbows      | |  0.3
Throwing       | |  0.3
Armour         | |  0.3
Dodging        | |  4.4
Shields        | |  0.3
Unarmed Combat | |  0.3
Spellcasting   | |  0.3
Conjurations   | |  0.2
Hexes          | |  0.2
Summonings     | |  0.2
Necromancy     | |  0.2
Translocations | |  0.2
Transmutations | |  0.2
Fire Magic     | |  0.2
Ice Magic      | |  0.2
Air Magic      | |  0.2
Earth Magic    | |  0.2
Poison Magic   | |  0.2
Invocations    | |  0.4
Evocations     | |  0.3

Action                   || total
-------------------------++-------
Melee: Spear             ||     3
       Trident           ||     8
Armor: Ring mail         ||     2
Dodge: Dodged            ||     6
